 Dungeon Crawl Stone Soup version 0.29-a0-330-g52719c12eb (webtiles) character file.

Game seed: 15361035649452103994

167 Flugslaktarn the Stinger (level 5, 0/35 HPs)
             Began as a Human Venom Mage on Apr 12, 2022.
             Slain by an iguana (6 damage)
             ... on level 5 of the Dungeon.
             The game lasted 00:07:42 (1504 turns).

Flugslaktarn the Stinger (Human Venom Mage)         Turns: 1504, Time: 00:07:42

Health: 0/35       AC:  3    Str:  6 (8)  XL:     5   Next: 76%
Magic:  9/9        EV: 12    Int: 14 (17) God:
Gold:   137        SH:  0    Dex: 17 (20) Spells: 5/10 levels left

rFire   + . .      SeeInvis .   d - staff of poison
rCold   . . .      Faith    .   (no shield)
rNeg    . . .      Spirit   .   a - +0 robe
rPois   +          Reflect  .   (no helmet)
rElec   .          Harm     .   r - +0 cloak
rCorr   .          Rampage  .   (no gloves)
Will    .....                   (no boots)
Stlth   +++.......              (no amulet)
HPRegen 0.11/turn               n - +6 ring of dexterity
MPRegen 0.11/turn               (no ring)

@: about to teleport, very slightly contaminated
A: camouflage 1, fire resistance 1, MP-powered wands
a: no special abilities


You were on level 5 of the Dungeon.
You visited 1 branch of the dungeon, and saw 6 of its levels.
You also visited: Ossuary.

You collected 137 gold pieces.

Inventory:

Hand Weapons
 f - a +1 dagger of venom
   (You took it off a goblin on level 2 of the Dungeon)
Armour
 a - a +0 robe (worn)
 k - a scarf of invisibility
   (You found it on level 3 of the Dungeon)
 r - a +0 cloak (worn)
   (You found it on level 6 of the Dungeon)
Magical Staves
 d - a staff of poison (weapon)
   (You found it on level 1 of the Dungeon)
Jewellery
 g - a ring of ice
   (You found it on level 2 of the Dungeon)
 n - a +6 ring of dexterity (left hand)
   (You found it on level 2 of the Dungeon)
Wands
 q - a wand of paralysis (9)
   (You found it on level 4 of the Dungeon)
Scrolls
 c - a scroll of silence {unknown}
 h - a scroll of summoning {unknown}
 j - a scroll of noise {unknown}
 l - a scroll of amnesia {unknown}
 o - a scroll of identify {unknown}
 t - a scroll of teleportation


   Skills:
 - Level 2.0 Dodging
 - Level 2.0 Stealth
 - Level 3.0 Spellcasting
 + Level 1.8 Conjurations
 - Level 2.0 Transmutations
 + Level 1.4 Earth Magic
 + Level 4.2 Poison Magic


You had 5 spell levels left.
You knew the following spells:

 Your Spells              Type           Power      Damage    Failure   Level
a - Sting                 Tmut/Pois      64%        1d6       6%          1
b - Sandblast             Erth           12%        2d6       12%         1
c - Mephitic Cloud        Conj/Pois/Air  11%        N/A       28%         3

Your spell library contained the following spells:

 Spells                   Type           Power      Damage    Failure   Level
 Poisonous Vapours        Pois/Air       24%        N/A       14%         2
 Passwall                 Tmut/Erth      5%         N/A       16%         2
 Slow                     Hex            8%         N/A       22%         1
 Ensorcelled Hibernation  Hex/Ice        4%         N/A       32%         2
 Stone Arrow              Conj/Erth      12%        3d7       32%         3
 Olgreb's Toxic Radiance  Pois           20%        N/A       36%         4
 Confusing Touch          Hex            2%         N/A       54%         3
 Swiftness                Air            2%         N/A       54%         3
 Vampiric Draining        Necr           2%         2d6       54%         3


Dungeon Overview and Level Annotations

Branches:
Dungeon (6/15)            Ossuary (visited)
 Temple: D:4-7

Altars:
Yredelemnul

Annotations:
D:3 3 runed translucent doors, Flugslaktarn's ghost, amateur HuVM
D:5 Edmund
D:6 exclusion: orc priest


Innate Abilities, Weirdness & Mutations

Your skin changes colour to match your surroundings (Stealth+).
Your flesh is heat resistant. (rF+)
You expend magic power (3 MP) to strengthen your wands.


Message History

You see here a +0 short sword.
You now have 126 gold pieces (gained 13).
An orc comes into view. It is wielding a +0 trident.
An orc priest comes into view. It is wielding a +0 club.
Found 15 stones.
You see here 11 gold pieces.
You now have 137 gold pieces (gained 11).
You see here a +0 short sword.
An iguana and a kobold come into view.
Found a stone staircase leading up.
A kobold brigand and 2 kobolds come into view.
The kobold brigand is wielding a +0 dagger and quivering poisoned darts.
A kobold is wielding a +0 short sword and quivering poisoned darts.
The kobold shouts!
The kobold brigand shouts!
You hear a shout!
The kobold shouts!
You hear a shout! x4
A gnoll comes into view. It is wielding a +0 club.
You hear a loud, deep croak!
You hear a howl!
A bullfrog comes into view.
A gnoll shaman comes into view. It is wielding a +0 club.
A kobold comes into view. It is wielding a +0 club.
The iguana misses you.
There is a stone staircase leading up here.
The kobold misses you. The iguana misses you.
You climb upwards.
The gnoll shouts! x2; You hear a shout!
Found four items.
There is a stone staircase leading down here.
Unknown command.
The kobold misses you. The iguana barely misses you.
The gnoll shaman shouts!
You hear a shout!
The iguana bites you! The kobold attacks as you move away!
The kobold misses you.
Casting: Sting (safe; 6% risk of failure)
Confirm with . or Enter, or press ? or * to list all spells.
The spell is quite dangerous to miscast (28% risk of failure)!
Continue anyway?
Okay, then.
Casting: Mephitic Cloud (quite dangerous; 28% risk of failure)
Confirm with . or Enter, or press ? or * to list all spells.
The spell is quite dangerous to miscast (28% risk of failure)!
Continue anyway?
Aiming: Mephitic Cloud (quite dangerous; 28% risk of failure)
Press: ? - help, Shift-Dir - straight line, f - iguana
Aim: an iguana (chance to affect: 86%)
You feel a surge of power!
You miscast Mephitic Cloud.
You are very lightly contaminated with residual magic.
You are caught in an explosion of electrical discharges.
The iguana misses you.
Unknown command.
Casting: Mephitic Cloud (quite dangerous; 28% risk of failure)
Confirm with . or Enter, or press ? or * to list all spells.
The spell is quite dangerous to miscast (28% risk of failure)!
Continue anyway?
Aiming: Mephitic Cloud (quite dangerous; 28% risk of failure)
Press: ? - help, Shift-Dir - straight line, f/p - iguana
Aim: an iguana (chance to affect: 86%)
You feel a surge of power!
You miscast Mephitic Cloud.
Nothing appears to happen.
The iguana closely misses you.
Unknown command.
Casting: Mephitic Cloud (quite dangerous; 28% risk of failure)
Confirm with . or Enter, or press ? or * to list all spells.
The spell is quite dangerous to miscast (28% risk of failure)!
Continue anyway?
Aiming: Mephitic Cloud (quite dangerous; 28% risk of failure)
Press: ? - help, Shift-Dir - straight line, f/p - iguana
Aim: an iguana (chance to affect: 86%)
You feel a surge of power!
You miscast Mephitic Cloud.
You feel rather nauseous for a moment.
You are poisoned.
You resist.
You feel sick.
The iguana bites you but does no damage.
The gnoll hits you but does no damage.
Unknown command.
Unknown command.
Okay, then.
It was a potion of mutation.
You feel extremely strange.
You feel your magical essence link to the dungeon's wands.
Your skin functions as natural camouflage.
You feel resistant to heat.
You feel sick. The gnoll hits you but does no damage.
Edmund the Younger comes into view.
He is wielding a +2 dire flail of protection.
The iguana bites you.
* * * LOW HITPOINT WARNING * * *
Unknown command.
Magic courses through your body.
You feel sick. The gnoll completely misses you. The iguana bites you.
* * * LOW HITPOINT WARNING * * *
Unknown command.
As you read the scroll labelled SAOZXO AGETE, it crumbles to dust.
You feel strangely unstable.
It was a scroll of teleportation.
t - a scroll of teleportation
* * * LOW HITPOINT WARNING * * *
You feel sick. The gnoll closely misses you. Edmund closely misses you.
The iguana barely misses you.
Unknown command.
It was a potion of heal wounds.
You feel much better.
You feel sick.
You are no longer poisoned.
The gnoll closely misses you. Edmund closely misses you. The iguana bites you.
Unknown command.
It was a potion of curing.
You feel better.
The gnoll hits you from afar with a +0 spear.
Edmund hits you with a +2 dire flail of protection.
* * * LOW HITPOINT WARNING * * *
The iguana bites you.
You die...

.........#
?)..$....#
.......#.#
#..g.?.>.#
...####.g####
####g...#
#..gKg..#
#....##l##..#
#.## #@#
#...# #@#
+++# ..# ##.#
#.# ..# ..#
..#


You could see Edmund, a gnoll shaman, an iguana, 3 gnolls and a kobold.

Vanquished Creatures
  An ogre (D:4)
  2 adders
  6 dart slugs
  3 orcs
  3 ball pythons
  6 endoplasms
  2 giant cockroaches
  6 goblins
  3 hobgoblins
  2 quokkas
  2 ball python zombies (D:3)
  6 bats
  3 frilled lizards (D:1)
  A kobold (D:2)
  4 rats
50 creatures vanquished.

Vanquished Creatures (others)
  A plant (D:1)
1 creature vanquished.

Grand Total: 51 creatures vanquished

Notes
Turn   | Place    | Note
-------+----------+-------------------------------------------
     0 | D:1      | Flugslaktarn the Human Venom Mage began the quest for the
                  | Orb.
     0 | D:1      | Reached XP level 1. HP: 13/13 MP: 3/3
    69 | D:1      | Reached XP level 2. HP: 17/19 MP: 0/5
   206 | D:3      | Reached XP level 3. HP: 14/24 MP: 2/6
   582 | D:1      | Reached XP level 4. HP: 17/30 MP: 0/8
   909 | D:3      | Noticed a phantom
   914 | D:2      | Learned a level 1 spell: Sandblast
   918 | D:2      | Learned a level 3 spell: Mephitic Cloud
   980 | D:3      | Found a runed translucent gate.
   980 | D:3      | Found a runed translucent gate.
   980 | D:3      | Found a runed translucent gate.
   980 | D:3      | Noticed Flugslaktarn's ghost (amateur HuVM)
   982 | D:3      | Found a basalt altar of Yredelemnul.
  1079 | D:3      | Noticed a necrophage
  1112 | D:4      | Noticed an ogre
  1152 | D:4      | Killed an ogre
  1153 | D:4      | Reached skill level 1 in Conjurations
  1153 | D:4      | Reached skill level 1 in Earth Magic
  1153 | D:4      | Reached skill level 4 in Poison Magic
  1153 | D:4      | Reached XP level 5. HP: 35/35 MP: 2/9
  1208 | D:4      | Found a sand-covered staircase.
  1219 | Ossuary  | Entered an ossuary
  1219 | Ossuary  | Noticed a wraith
  1219 | Ossuary  | Noticed a wraith
  1219 | Ossuary  | Noticed a wraith
  1412 | D:4      | You fall into a shaft and drop 2 floors!
  1487 | D:6      | Noticed a kobold brigand
  1489 | D:6      | Noticed a bullfrog
  1491 | D:5      | Entered Level 5 of the Dungeon
  1500 | D:5      | Gained mutation: You expend magic power (3 MP) to
                  | strengthen your wands. [potion of mutation]
  1500 | D:5      | Gained mutation: Your skin changes colour to match your
                  | surroundings (Stealth+). [potion of mutation]
  1500 | D:5      | Gained mutation: Your flesh is heat resistant. (rF+)
                  | [potion of mutation]
  1500 | D:5      | Noticed Edmund
  1504 | D:5      | Slain by an iguana

Illustrated notes

Levels and vault maps discovered:
D:1:      lemuel_arrival_muddy, layout_loops_ring,
          shapermc_ecumenical_altar_mp_urbaneastern
D:2:      layout_loops_ring
D:3:      layout_rooms, nicolae_yredelemnul_ghost_church, serial_rivers,
          chequers_serial_rivers_small_3, chequers_serial_rivers_room_b,
          chequers_serial_rivers_large_a, chequers_serial_rivers_micro_b,
          chequers_serial_rivers_micro_c, chequers_serial_rivers_room_a
D:4:      layout_loops_ring, nicolae_ossuary_entry_ruins
D:5:      kennysheep_steamy, layout_rooms, ebering_dispersal_statue_hall,
          kennysheep_windowed_goal, uniq_blork_the_orc, uniq_crazy_yiuf_cottage,
          uniq_prince_ribbit1, uniq_edmund
D:6:      layout_loops_cross, minmay_temple_entry_antechambers,
          minmay_misc_feat_plants, uniq_menkaure

Skill      XL: |  1  2  3  4 |
---------------+-------------+-----
Transmutations | 2 |  2.0
Spellcasting   | 3 |  3.0
Conjurations   | 1 |  1.8
Earth Magic    | 1 |  1.4
Poison Magic   | 4 |  4.2
Dodging        | |  2.0
Stealth        | |  2.0

Action                   |  1- 3 |  4- 6 || total
-------------------------+-------+-------++-------
Melee: Unarmed           |     9 |       ||     9
       Staff             |    11 |     9 ||    20
       Dagger            |     2 |    30 ||    32
 Cast: Sting             |    43 |    34 ||    77
       Mephitic Cloud    |       |     1 ||     1
  Use: Potion            |       |     5 ||     5
       Scroll            |       |     1 ||     1
Armor: Robe              |    11 |    12 ||    23
Dodge: Dodged            |    30 |    54 ||    84

Table legend: (Time is in decaauts)
 A = Elapsed time spent in this place.
 B = Non-inter-level travel time spent in this place.
 C = Inter-level travel time spent in this place.
 D = Time resting spent in this place.
 E = Time spent auto-exploring this place.
 F = Levels seen in this place.
 G = Mean time per level.
                   A        B        C        D        E       F      G
               +--------+--------+--------+--------+--------+-----+--------+
         Total |   1515 |   1405 |    110 |      0 |      0 |   7 |  216.4 |
       Dungeon |   1427 |   1317 |    110 |      0 |      0 |   6 |  237.8 |
       Ossuary |     87 |     87 |      0 |      0 |      0 |   1 |   87.0 |
               +--------+--------+--------+--------+--------+-----+--------+

Top non-repeatable levels by time:
     D:2: 434 daAuts
     D:1: 400 daAuts
     D:3: 271 daAuts
     D:4: 229 daAuts
 Ossuary: 87 daAuts
     D:6: 78 daAuts
     D:5: 12 daAuts
